 Dungeon Crawl Stone Soup version 0.21.1-1-g345015fe64 (webtiles) character file.

90064 Jannitor the Reanimator (level 15, -3/122 HPs)
             Began as a Demonspawn Necromancer on May 16, 2018.
             Was the Champion of Cheibriados.
             Killed from afar by a shock serpent (14 damage)
             ... with an electric aura
             ... on level 3 of the Lair of Beasts on May 17, 2018.
             The game lasted 01:07:03 (21602 turns).

Jannitor the Reanimator (Demonspawn Necromancer)   Turns: 21602, Time: 01:07:04

Health: -3/122     AC: 22    Str: 28    XL:     15   Next: 51%
Magic:  8/27       EV: 14    Int: 32    God:    Cheibriados [******]
Gold:   1292       SH:  7    Dex: 28    Spells: 2/31 levels left

rFire    + . .     SeeInvis .     - Unarmed
rCold    + . .     Gourm    .   P - +0 buckler
rNeg     . . .     Faith    .   Z - +2 chain mail {rF+}
rPois    +         Spirit   .   q - +1 helmet
rElec    .         Reflect  .   O - +1 cloak
rCorr    .         Harm     .   (gloves unavailable)
MR       ++...                  (no boots)
Stlth    ..........             i - amulet of regeneration
HPRegen  3.70/turn              t - ring of protection from magic
MPRegen  0.20/turn              v - ring of protection from cold

@: starving, very slow
A: claws 3, talons 1, slimy green scales 2, poison resistance, powered by death
2, powered by pain 1, weak 1
a: Bend Time, Temporal Distortion, Slouch, Step From Time, Renounce Religion


You were on level 3 of the Lair of Beasts.
You worshipped Cheibriados.
Cheibriados was exalted by your worship.
You were starving.

You visited 5 branches of the dungeon, and saw 25 of its levels.

You collected 2259 gold pieces.
You spent 967 gold pieces at shops.

Inventory:

Hand Weapons
 f - the +8 long sword "Dyaxtuxzipp" {flame, *Drain rPois rC+ Int+3}
   (You found it on level 4 of the Dungeon)

   It has been specially enchanted to burn those struck by it, causing extra
   injury to most foes and up to half again as much damage against particularly
   susceptible opponents.
   Big, fiery blades are also staple armaments of hydra-hunters.
   It affects your intelligence (+3).
   It protects you from cold.
   It protects you from poison.
   It causes draining when unequipped.
Armour
 h - a +0 plate armour of cold resistance
 n - a scarf of spirit shield
 q - a +1 helmet (worn)
 F - a +0 shield
 H - a +3 chain mail of positive energy
 O - a +1 cloak (worn)
 P - a +0 buckler (worn)
 Z - a +2 chain mail of fire resistance (worn)
Jewellery
 i - an amulet of regeneration (around neck)
 l - an uncursed ring of flight
 t - a ring of protection from magic (left claw)
 v - a ring of protection from cold (right claw)
 D - an uncursed ring of protection from fire
 G - an uncursed amulet of magic regeneration
Wands
 p - a wand of iceblast (20)
 u - a wand of acid (2)
 w - a wand of digging (23)
 J - a wand of enslavement (16)
 L - a wand of flame (23)
 M - a wand of paralysis (6)
 U - a wand of clouds (7)
 W - a wand of disintegration (18)
Scrolls
 d - 6 scrolls of remove curse
 e - 13 scrolls of teleportation
 g - 10 scrolls of identify
 j - 3 scrolls of blinking
 r - 5 scrolls of enchant weapon
 A - 2 scrolls of magic mapping
 B - 5 scrolls of amnesia
 Q - a scroll of fog
 R - a scroll of summoning
 S - a scroll of enchant armour
 T - 2 scrolls of fear
Potions
 a - a potion of cancellation
 k - 2 potions of mutation
 m - 4 potions of flight
 s - 2 potions of brilliance
 x - a potion of agility
 z - 2 potions of ambrosia
 C - 3 potions of heal wounds
 E - 5 potions of curing
 I - 3 potions of might
 N - a potion of magic
 V - a potion of invisibility
Books
 b - a book of Necromancy

   Spells                             Type                      Level
   a - Pain                           Necromancy                   1
   b - Animate Skeleton               Necromancy                   1
   c - Vampiric Draining              Necromancy                   3
   d - Regeneration                   Charms/Necromancy            3
   e - Animate Dead                   Necromancy                   4
   f - Borgnjor's Vile Clutch         Necromancy/Earth             5
 y - a book of Burglary

   Spells                             Type                      Level
   a - Swiftness                      Charms/Air                   2
   b - Passwall                       Transmutation/Earth          2
   c - Passage of Golubria            Translocation                4
   d - Lee's Rapid Deconstruction     Earth                        5
   e - Darkness                       Hexes                        6
   f - Invisibility                   Hexes                        6
 X - a book of Spatial Translocations

   Spells                             Type                      Level
   a - Blink                          Translocation                2
   b - Shroud of Golubria             Charms/Translocation         2
   c - Lesser Beckoning               Translocation                3
   d - Gell's Gravitas                Translocation                3
   e - Teleport Other                 Translocation                3
   f - Passage of Golubria            Translocation                4
Comestibles
 c - 39 rations


   Skills:
 + Level 12.5 Fighting
 + Level 11.2 Armour
 + Level 5.6 Dodging
 - Level 1.7 Stealth
 - Level 5.0 Shields
 + Level 6.3 Unarmed Combat
 - Level 8.7 Spellcasting
 - Level 3.8 Charms
 - Level 12.7 Necromancy
 + Level 6.4 Translocations
 + Level 7.4 Earth Magic
 - Level 9.0 Invocations


You had 2 spell levels left.
You knew the following spells:

 Your Spells              Type           Power        Failure   Level  Hunger
a - Pain                  Necr           ####         1%          1    None
b - Animate Skeleton      Necr           N/A          1%          1    None
c - Vampiric Draining     Necr           #######...   1%          3    None
d - Regeneration          Chrm/Necr      ######....   1%          3    None
e - Borgnjor's Vile Clut  Necr/Erth      ######....   6%          5    ####...
f - Passage of Golubria   Tloc           N/A          10%         4    None
g - Passwall              Tmut/Erth      #####.....   4%          2    None
h - Lee's Rapid Deconstr  Erth           ######....   19%         5    ####...
i - Lesser Beckoning      Tloc           ######....   3%          3    None
j - Blink                 Tloc           N/A          1%          2    None


Dungeon Overview and Level Annotations

Branches:
Dungeon (15/15)            Temple (1/1) D:5            Lair (6/6) D:11
 Shoals (0/4) Lair:4        Snake (1/4) Lair:3        Slime (0/5) Lair:6
    Orc (2/2) D:9             Elf (0/3) Orc:2        Vaults (0/5) D:14
 Depths (0/5) D:15

Altars:
Ashenzari
Cheibriados
Dithmenos
Elyvilon
Fedhas
Gozag
Hepliaklqana
Kikubaaqudgha
Makhleb
Nemelex Xobeh
Okawaru
Qazlal
Ru
Sif Muna
Trog
Uskayaw
Vehumet
Wu Jian
Xom
Yredelemnul
Zin
The Shining One

Shops:
D:9 (   D:12 =:?   D:14 [   Orc:2 ?*((**[

Portals:
Hell: Lair:6

Annotations:
D:3 1 runed door
Lair:3 1 runed door, Kirke


Innate Abilities, Weirdness & Mutations

You have claws for hands.
You are mostly covered in slimy green scales. (AC +3)
You regenerate health from kills.
You sometimes gain a little power by taking damage.
You have sharp toenails.
Your system is resistant to poisons. (rPois)
You are weak. (Str -2)


Message History

The shock serpent's electric aura discharges, shocking you!
* * * LOW HITPOINT WARNING * * *
The zombie hands constrict Kirke!
The zombie hands constrict the shock serpent!
The shock serpent's electric aura discharges, shocking you!
Kirke hits you but does no damage. The shock serpent bites you!
* * * LOW HITPOINT WARNING * * *
The shock serpent shocks you!
* * * LOW HITPOINT WARNING * * *
Unknown command.
Unknown command.
Okay, then.
Unknown command.
Unknown command.
You can feel time thicken for a moment.
You kill the shock serpent!
Cheibriados thoroughly appreciates the change of pace.
You are starving!
The air sparks with electricity, shocking you!
You die...

...##.#..##...............# #
..##....##.##.............#
......##......P........#..#
....###..................##
.+##..#..###........#...## #
/..##.##.##............## #
....#..P.####....(...### #
.<.⌠#....###...#...### ### #
....#...###.#...@...# ##.##### #
.⌠....(.# ##...@.P..###...P#.## #
..##..### ###...##P...<.......# #
..##..## ##.#...##....P.##PP..###
..P....###....#......##.##.......
.......#..........##..P.##..P.###
......##..##..PPP##...P.......##
....>##...#................#...#
..##..#.....#######..#..>..#P..#


You could see Kirke.

Vanquished Creatures
  Gastronok (D:12)
  A dire elephant (D:15)
  The ghost of Tutankhamun the Severer, a journeyman FoFi of Okawaru (D:12)
  Harold (D:11)
  Erolcha (D:10)
  Fannar (D:11)
  3 hydras
  A catoblepas (Lair:3)
  Erica (Lair:1)
  2 centaur warriors
  An anaconda (Snake:1)
  2 dancing weapons (D:14)
  22 two-headed ogres
  2 death yaks (Lair:3)
  5 ogre magi
  Urug (D:14)
  A shock serpent (Lair:3)
  A sixfirhy (Lair:6)
  2 unseen horrors
  An obsidian statue (D:15)
  A wizard (Lair:6)
  The ghost of Gargoyl the Chopper, a novice CeAK of Lugonu (D:6)
  An orange crystal statue (D:15)
  3 orc sorcerers (Orc:2)
  A wolf spider (D:15)
  A cyclops (D:13)
  10 ugly things
  2 salamanders
  6 elephants
  2 deep elf magi
  A manticore (D:13)
  Maurice (D:11)
  A guardian serpent (shapeshifter) (D:15)
  2 black mambas (Lair:6)
  A guardian serpent (D:12)
  Joseph (Lair:1)
  2 orange demons (Lair:6)
  2 centaur skeletons
  A smoke demon (Lair:6)
  6 spiny frogs
  4 rime drakes
  A freezing wraith (D:14)
  The ghost of VanClaymore the Insei, a novice OpTm (D:5)
  A kobold demonologist (D:11)
  2 ice devils (Lair:6)
  A yaktaur (D:15)
  11 komodo dragons
  5 polar bears
  2 red devils (Lair:6)
  Grinder (D:3)
  6 trolls
  15 blink frogs
  8 hippogriffs
  A shadow (D:11)
  A spriggan (D:8)
  2 wyverns
  A hog (Snake:1)
  2 wraiths
  44 yaks
  Grum (D:11)
  7 basilisks
  Edmund (D:6)
  A hungry ghost (D:7)
  4 vampire mosquitoes (D:15)
  A steam dragon (D:9)
  A warg (Orc:2)
  3 nagas (Snake:1)
  4 hell hounds (Lair:6)
  3 soldier ants
  7 water moccasins
  8 porcupines
  Duvessa (D:6)
  10 orc warriors
  A sky beast (shapeshifter) (D:15)
  3 black bears
  3 ice beasts
  2 hornet zombies
  29 ogres
  3 eyes of draining
  A necrophage (D:8)
  6 centaurs
  11 crocodiles
  10 wolves
  2 big kobolds
  19 bullfrogs
  A water moccasin zombie (D:7)
  8 scorpions
  Dowan (D:6)
  2 vampire bats (D:4)
  7 wights
  4 howler monkeys
  3 electric eels (D:14)
  6 crimson imps
  2 bullfrog zombies
  3 centaur zombies
  16 orc wizards
  7 hounds
  4 bullfrog skeletons
  9 orc priests
  7 jellies
  2 iguanas
  5 worker ants
  A hound zombie (D:9)
  8 adders
  5 shadow imps
  2 oozes
  An adder skeleton (D:5)
  4 worms
  2 dart slugs
  11 leopard geckos
  50 orcs
  12 bats
  5 giant cockroaches
  5 hobgoblins
  7 jackals
  6 quokkas
  10 frilled lizards
  10 goblins
  A jackal skeleton (D:7)
  21 kobolds
  A leopard gecko zombie (D:6)
  5 rats
  A plant (Lair:4)
603 creatures vanquished.

Vanquished Creatures (collateral kills)
  A hydra (Lair:5)
  A death yak (Lair:3)
  2 elephants (Lair:6)
  A black mamba (Lair:6)
  2 spiny frogs
  A rime drake (Lair:6)
  A komodo dragon (Lair:6)
  2 trolls
  3 blink frogs (Lair:4)
  A shadow (D:15)
  6 yaks
  A water moccasin (Lair:3)
  3 porcupines (Lair:4)
  2 orc warriors (D:13)
  2 black bears
  A wolf (Lair:6)
  2 crocodiles
  A big kobold (D:12)
  4 bullfrogs
  An electric eel (Lair:6)
  An orc priest (D:13)
  A centaur skeleton (D:6)
  A hound skeleton (D:10)
  A worker ant zombie (D:11)
  An adder (D:8)
  An ooze (D:4)
  3 orcs
  A hobgoblin (D:3)
  A jackal (D:2)
  A quokka (D:11)
  4 kobolds
  A butterfly (Lair:6)
  8 fungi
  A plant (Lair:2)
64 creatures vanquished.

Vanquished Creatures (others)
  2 blink frogs (Lair:6)
  3 fungi
  18 plants
  7 toadstools (Lair:3)
30 creatures vanquished.

Grand Total: 697 creatures vanquished

Notes
Turn   | Place    | Note
-------+----------+-------------------------------------------
     0 | D:1      | Jannitor the Demonspawn Necromancer began the quest for the Orb.
     0 | D:1      | Reached XP level 1. HP: 13/13 MP: 3/3
   327 | D:1      | Learned a level 1 spell: Animate Skeleton
   474 | D:1      | Gained mutation: You are partially covered in slimy green scales. (AC +2) [demonic ancestry]
   474 | D:1      | Reached XP level 2. HP: 17/19 MP: 1/5
  1487 | D:1      | Reached skill level 5 in Necromancy
  1487 | D:1      | Reached XP level 3. HP: 20/24 MP: 0/7
  1897 | D:2      | Learned a level 3 spell: Vampiric Draining
  2535 | D:3      | Gained mutation: You regenerate a little health from kills. [demonic ancestry]
  2535 | D:3      | Reached XP level 4. HP: 25/30 MP: 1/8
  2986 | D:3      | Noticed Grinder
  3013 | D:3      | Gained mutation: Your system is resistant to poisons. (rPois) [potion of mutation]
  3013 | D:3      | Gained mutation: You are weak. (Str -2) [potion of mutation]
  3013 | D:3      | Gained mutation: You have sharp toenails. [potion of mutation]
  3270 | D:4      | Gained mutation: You sometimes gain a little power by taking damage. [demonic ancestry]
  3270 | D:4      | Reached XP level 5. HP: 24/35 MP: 4/10
  3521 | D:4      | Found the +4 Vampire's Tooth {vamp}
  3525 | D:4      | Got a shimmering long sword
  3529 | D:4      | Identified the +8 long sword "Dyaxtuxzipp" {flame, *Drain rPois rC+ Int+3} (You found it on level 4 of the Dungeon)
  3565 | D:4      | Reached XP level 6. HP: 27/41 MP: 9/12
  4022 | D:5      | Entered Level 5 of the Dungeon
  4035 | D:5      | Noticed VanClaymore's ghost (novice OpTm)
  4049 | D:5      | Killed VanClaymore's ghost
  4049 | D:5      | Reached skill level 5 in Spellcasting
  4049 | D:5      | Reached XP level 7. HP: 46/46 MP: 12/14
  4183 | D:5      | Learned a level 3 spell: Regeneration
  4318 | D:5      | Found a sparkling altar of Nemelex Xobeh.
  4330 | D:5      | Found an ornate altar of the Wu Jian Council.
  4458 | D:5      | Found a staircase to the Ecumenical Temple.
  4478 | Temple   | Entered the Ecumenical Temple
  4525 | Temple   | Became a worshipper of Cheibriados the Contemplative
  4768 | D:5      | Found a glowing golden altar of the Shining One.
  4813 | D:6      | Noticed Gargoyl's ghost (novice CeAK)
  4936 | D:5      | Reached skill level 1 in Invocations
  5294 | D:7      | Gained mutation: You have sharp fingernails. [demonic ancestry]
  5294 | D:7      | Reached XP level 8. HP: 37/52 MP: 17/17
  5434 | D:7      | Learned a level 5 spell: Borgnjor's Vile Clutch
  5525 | D:7      | Reached skill level 1 in Fighting
  5557 | D:7      | Noticed a hippogriff
  5569 | D:7      | Killed a hippogriff
  5569 | D:7      | Reached skill level 1 in Earth Magic
  5758 | D:7      | Found a shattered altar of Ashenzari.
  6286 | D:8      | HP: 1/57 [orc priest/divine providence (15)]
  6412 | D:8      | Reached * piety under Cheibriados
  6565 | D:8      | Reached skill level 1 in Armour
  6565 | D:8      | Reached XP level 9. HP: 64/64 MP: 18/18
  6697 | D:8      | Found a burning altar of Makhleb.
  6846 | D:8      | Reached skill level 5 in Invocations
  6859 | D:8      | Reached skill level 1 in Charms
  7186 | D:9      | Found a blossoming altar of Fedhas.
  7229 | D:9      | Found an opulent altar of Gozag.
  7268 | D:9      | Found Titizir's Weapon Shoppe.
  7269 | D:9      | Found a staircase to the Orcish Mines.
  7346 | D:9      | Found a radiant altar of Vehumet.
  7348 | D:9      | Found a white marble altar of Elyvilon.
  7350 | D:9      | Found a sacrificial altar of Ru.
  7367 | D:9      | Noticed a troll
  7369 | D:9      | Killed a troll
  7463 | D:9      | Reached ** piety under Cheibriados
  7999 | D:10     | Entered Level 10 of the Dungeon
  8051 | D:10     | Noticed Erolcha
  8055 | D:10     | Killed Erolcha
  8055 | D:10     | Gained mutation: You regenerate health from kills. [demonic ancestry]
  8055 | D:10     | Reached XP level 10. HP: 64/73 MP: 13/19
  8126 | D:10     | Reached skill level 5 in Fighting
  8166 | D:10     | Noticed a two-headed ogre
  8180 | D:10     | Killed a two-headed ogre
  8649 | D:11     | Reached *** piety under Cheibriados
  8786 | D:11     | Reached skill level 5 in Armour
  8844 | D:11     | Noticed Grum
  8851 | D:11     | Noticed Fannar
  8855 | D:11     | Killed Grum
  8941 | D:11     | Reached **** piety under Cheibriados
  8992 | D:11     | Gained mutation: You have very sharp fingernails. [demonic ancestry]
  8992 | D:11     | Reached XP level 11. HP: 83/83 MP: 20/20
  9102 | D:11     | Noticed a white ugly thing
  9113 | D:11     | Killed a white ugly thing
  9242 | D:11     | Noticed Maurice
  9253 | D:10     | Killed an unseen horror
  9635 | D:6      | Killed Gargoyl's ghost
  9659 | D:6      | Noticed Duvessa
  9659 | D:6      | Noticed Dowan
  9669 | D:6      | Killed Duvessa
  9678 | D:6      | Killed Dowan
  9806 | D:6      | Noticed Edmund
  9810 | D:6      | Killed Edmund
  9927 | D:6      | Found a deep blue altar of Sif Muna.
  9996 | D:3      | Killed Grinder
  9996 | D:3      | Reached skill level 10 in Necromancy
 10186 | D:3      | Found a runed door.
 10577 | D:11     | Killed Maurice
 10618 | D:11     | Killed Fannar
 10635 | D:11     | Reached ***** piety under Cheibriados
 10645 | D:11     | Found a staircase to the Lair.
 10658 | D:11     | Noticed Harold
 10673 | D:11     | Noticed a two-headed ogre
 10681 | D:11     | Killed Harold
 10695 | D:11     | Killed a two-headed ogre
 10734 | D:11     | Noticed a two-headed ogre
 10746 | D:11     | Killed a two-headed ogre
 11095 | D:12     | Noticed a brown ugly thing
 11104 | D:12     | Killed a brown ugly thing
 11145 | D:12     | Noticed Tutankhamun's ghost (journeyman FoFi)
 11294 | Lair:1   | Entered Level 1 of the Lair of Beasts
 11455 | Lair:1   | Reached XP level 12. HP: 80/94 MP: 23/23
 11578 | Lair:1   | Noticed Joseph
 11584 | Lair:1   | Killed Joseph
 11626 | Lair:1   | Noticed Erica
 11629 | Lair:1   | Killed Erica
 12146 | Lair:2   | Noticed a four-headed hydra
 12152 | Lair:2   | Killed a one-headed hydra
 12444 | Lair:2   | Reached ****** piety under Cheibriados
 12974 | Lair:3   | Reached skill level 1 in Shields
 12978 | Lair:3   | Reached skill level 10 in Fighting
 13116 | Lair:3   | Found a staircase to the Snake Pit.
 13163 | Lair:3   | Noticed a death yak
 13167 | Lair:3   | Noticed a death yak
 13168 | Lair:3   | Noticed a death yak
 13169 | Lair:3   | Noticed a catoblepas
 13172 | Lair:3   | Killed a death yak
 13173 | Lair:3   | Killed a death yak
 13301 | Lair:3   | Killed a death yak
 13387 | Lair:3   | Killed a catoblepas
 13387 | Lair:3   | Reached XP level 13. HP: 104/104 MP: 9/24
 13759 | Lair:3   | Found a runed door.
 14523 | Lair:4   | Found a staircase to the Shoals.
 14705 | Lair:5   | Learned a level 4 spell: Passage of Golubria
 14812 | Lair:5   | Reached skill level 1 in Unarmed Combat
 15016 | Lair:5   | Reached skill level 1 in Translocations
 15260 | Lair:6   | Entered Level 6 of the Lair of Beasts
 15376 | Lair:6   | Found a staircase to the Slime Pits.
 15872 | Lair:6   | Reached skill level 5 in Shields
 15958 | Lair:6   | Learned a level 2 spell: Passwall
 15964 | Lair:6   | Learned a level 5 spell: Lee's Rapid Deconstruction
 15964 | Lair:6   | Found a burning altar of Makhleb.
 15973 | Lair:6   | Reached skill level 10 in Armour
 15990 | Lair:6   | Found a gateway to Hell.
 15998 | Lair:6   | Reached skill level 5 in Earth Magic
 16084 | Lair:6   | Gained mutation: You have claws for hands. [demonic ancestry]
 16084 | Lair:6   | Reached XP level 14. HP: 108/113 MP: 26/26
 16509 | Orc:1    | Entered Level 1 of the Orcish Mines
 16570 | Orc:2    | Entered Level 2 of the Orcish Mines
 16570 | Orc:2    | Found Cothruk's General Store.
 16868 | D:12     | Found Womeh's Magic Scroll Emporium.
 16879 | D:12     | Killed Tutankhamun's ghost
 16888 | D:12     | Bought a scroll of teleportation for 42 gold pieces
 16888 | D:12     | Bought a scroll of fog for 28 gold pieces
 16888 | D:12     | Bought a scroll of summoning for 133 gold pieces
 16888 | D:12     | Bought a scroll of enchant armour for 105 gold pieces
 16913 | D:12     | Found Geol's Jewellery Boutique.
 16915 | D:12     | Noticed Gastronok
 16922 | D:12     | Killed Gastronok
 17254 | D:12     | Found Sewamokh's Book Shop.
 18154 | D:13     | Learned a level 3 spell: Lesser Beckoning
 18157 | D:13     | Learned a level 2 spell: Blink
 18681 | D:14     | Found Zaolakei's Armour Shop.
 18826 | D:14     | Noticed Urug
 18828 | D:14     | Found a gate to the Vaults.
 18834 | D:14     | Killed Urug
 19186 | D:15     | Entered Level 15 of the Dungeon
 19396 | D:15     | Reached skill level 5 in Unarmed Combat
 19401 | D:15     | Reached skill level 5 in Translocations
 19794 | D:15     | Gained mutation: You are mostly covered in slimy green scales. (AC +3) [demonic ancestry]
 19794 | D:15     | Reached XP level 15. HP: 109/120 MP: 2/27
 19827 | D:15     | Found a staircase to the Depths.
 20219 | D:15     | Got a coiled tin ring
 20220 | D:15     | Identified the ring "Roargh" {rPois rC- rN+ Int+5} (You found it on level 15 of the Dungeon)
 20746 | Orc:2    | Found a staircase to the Elven Halls.
 20768 | Orc:2    | Found Fillucwu's General Store.
 20783 | Orc:2    | Bought a potion of cancellation for 136 gold pieces
 20846 | Orc:2    | Reached skill level 5 in Dodging
 20869 | Orc:2    | Paralysed by an ogre mage for 2 turns
 20909 | Orc:2    | Found Naem's Antique Weapon Boutique.
 20909 | Orc:2    | Found Cesothyj's Antique Weapon Shoppe.
 21003 | Orc:2    | Found Jauc's Assorted Antiques.
 21003 | Orc:2    | Found Imapits's Magic Scroll Shop.
 21144 | Orc:2    | Bought a scroll labeled FUCYCI IXIOFI for 29 gold pieces
 21144 | Orc:2    | Bought a glowing helmet for 217 gold pieces
 21144 | Orc:2    | Bought a scroll of magic mapping for 101 gold pieces
 21276 | Orc:2    | Found Cagistrue's Antique Armour Shoppe.
 21284 | Orc:2    | Bought a glowing scarf for 176 gold pieces
 21583 | Snake:1  | Entered Level 1 of the Snake Pit
 21589 | Snake:1  | Noticed Kirke
 21596 | Snake:1  | Noticed a sphinx
 21602 | Lair:3   | Killed from afar by a shock serpent

Skill      XL: |  1  2  3  4  5  6  7  8  9 10 11 12 13 14 15 |
---------------+----------------------------------------------+-----
Necromancy     | 5 6 7 8 9 11 12 | 12.7
Spellcasting   | 3 4 5 6 7 8 |  8.7
Invocations    | 1 4 6 9 |  9.0
Dodging        | 3 4 5 |  5.6
Fighting       | 3 4 6 8 10 11 12 | 12.5
Earth Magic    | 2 4 5 6 7 |  7.4
Armour         | 1 3 5 7 9 10 11 | 11.2
Charms         | 3 |  3.8
Shields        | 2 5 |  5.0
Unarmed Combat | 3 5 6 |  6.3
Translocations | 3 5 6 |  6.4
Stealth        | |  1.7

Action                   |  1- 3 |  4- 6 |  7- 9 | 10-12 | 13-15 || total
-------------------------+-------+-------+-------+-------+-------++-------
Melee: Unarmed           |    39 |     6 |       |       |   489 ||   534
       Long sword        |       |    26 |   182 |   367 |   204 ||   779
       Kick              |       |     3 |    48 |   207 |   429 ||   687
 Cast: Pain              |    84 |    51 |    12 |    10 |    11 ||   168
       Animate Skeleton  |    16 |    15 |    15 |    80 |    83 ||   209
       Vampiric Draining |       |       |    17 |    29 |     3 ||    49
       Borgnjor's Vile C |       |       |     3 |    23 |    58 ||    84
       Regeneration      |       |       |     1 |    13 |    11 ||    25
       Lee's Rapid Decon |       |       |       |       |     8 ||     8
       Passage of Golubr |       |       |       |       |     1 ||     1
Invok: Bend Time         |       |       |     2 |       |       ||     2
       Slouch            |       |       |       |       |     1 ||     1
  Use: Potion            |     1 |     6 |     4 |     5 |     2 ||    18
       Scroll            |       |       |    10 |    13 |     4 ||    27
 Stab: Sleeping          |       |     2 |     5 |       |       ||     7
       Distracted        |       |       |       |     3 |     3 ||     6
       Invisible         |       |       |       |     1 |       ||     1
  Eat: Chunk             |     5 |     5 |    10 |    16 |    21 ||    57
       Ration            |       |       |     2 |       |     1 ||     3
Armor: Robe              |    16 |    21 |    34 |       |       ||    71
       Ring mail         |       |       |    20 |       |       ||    20
       Leather armour    |       |       |    18 |    28 |       ||    46
       Chain mail        |       |       |       |   255 |   405 ||   660
       Skin              |       |       |       |    32 |       ||    32
Dodge: Dodged            |    47 |    46 |   153 |   289 |   393 ||   928
Block: Buckler           |       |       |       |    24 |   300 ||   324
       Rpst.: Long sword |       |     8 |    40 |    81 |    31 ||   160
